 Dungeon Crawl Stone Soup version 0.32-a0-932-g5467873 (webtiles) character file.

Game seed: 15896999943944024782

3091 stone111 the Cleaver (level 9, 0/82 HPs)
             Began as a Mountain Dwarf Fighter on Apr 14, 2024.
             Was a Follower of Beogh.
             Incinerated by a bombardier beetle (4 damage)
             ... with a burning spray
             ... on level 6 of the Dungeon.
             The game lasted 00:14:29 (6482 turns).

stone111 the Cleaver (Mountain Dwarf Fighter)       Turns: 6482, Time: 00:14:29

Health: 0/82       AC:  4    Str: 24    XL:     9   Next: 59%
Magic:  12/12      EV:  7    Int: 14    God:    Beogh [*.....]
Gold:   211        SH:  9    Dex:  9    Spells: 8/8 levels left

rFire   . . .        a - +0 war axe
rCold   . . .        c - +0 buckler
rNeg    . . .        i - +0 chain mail
rPois   .            (no helmet)
rElec   .            k - +2 cloak
rCorr   .            (no gloves)
SInv    .            (no boots)
Will    .....        f - amulet of reflection Stlth
                     l - +6 ring of intelligence
HPRegen 0.33/turn    (no ring)
MPRegen 0.13/turn

%: reflection
@: on fire, corroded, glowing
A: runic magic, artefact enchanting
a: Renounce Religion


You were on level 6 of the Dungeon.
You worshipped Beogh.
Beogh was aware of your devotion.
You visited 2 branches of the dungeon, and saw 8 of its levels.

You collected 211 gold pieces.

Inventory:

Hand Weapons
 a - a +0 war axe (weapon)
 r - a +0 morningstar
Missiles
 v - 6 silver javelins
Armour
 c - a +0 buckler (worn)
 i - a +0 chain mail (worn)
 k - a +2 cloak (worn)
Jewellery
 f - an amulet of reflection (around neck)
 l - a +6 ring of intelligence (left hand)
 p - an amulet of faith
Wands
 o - a wand of acid (10)
 x - a wand of flame (24)
Scrolls
 d - a scroll of poison
 g - a scroll of fog
 n - a scroll of immolation
 t - a scroll of teleportation
 u - 2 scrolls of enchant weapon {unknown}
Potions
 b - a potion of cancellation {unknown}
 e - a potion of degeneration {unknown}
 h - a potion of attraction {unknown}
 j - a potion of brilliance {unknown}
 q - a potion of haste {unknown}
 s - a potion of heal wounds {unknown}
 w - 2 potions of curing {unknown}


   Skills:
 + Level 8.8 Fighting
 + Level 11.7 Axes
 - Level 4.0 Armour
 - Level 4.0 Shields
 - Level 5.0 Invocations
 - Level 3.0 Evocations


You had 8 spell levels left.
You didn't know any spells.
Your spell library contained the following spells:

 Spells                   Type           Power      Damage    Failure   Level
 Kiss of Death            Conj/Necr      0%         2d5       47%         1
 Necrotise                Necr           0%         1d4       47%         1
 Sting                    Conj/Alch      0%         1d3       47%         1
 Cigotuvi's Dreadful Rot  Necr/Alch/Air  0%         N/A       63%         2
 Mercury Vapours          Alch/Air       0%         N/A       63%         2
 Confusing Touch          Hex            0%         N/A       85%         3
 Fugue of the Fallen      Necr           0%         N/A       85%         3
 Ozocubu's Armour         Ice            0%         N/A       85%         3
 Vampiric Draining        Necr           0%         2d6       85%         3
 Dispel Undead            Necr           0%         3d6       99%         4
 Ignite Poison            Fire/Alch      0%         N/A       99%         4
 Martyr's Knell           Necr/Summ      0%         N/A       99%         4
 Olgreb's Toxic Radiance  Alch           0%         N/A       99%         4
 Curse of Agony           Necr           0%         N/A       100%        5
 Freezing Cloud           Conj/Ice/Air   0%         6-21      100%        5
 Manifold Assault         Tloc           0%         N/A       100%        7


Dungeon Overview and Level Annotations

Branches:
Dungeon (7/15)             Temple (1/1) D:7

Altars:
Ashenzari
Cheibriados
Elyvilon
Fedhas
Gozag
Hepliaklqana
Kikubaaqudgha
Makhleb
Okawaru
Qazlal
Ru
Trog
Uskayaw
Vehumet
Wu Jian
Xom
Yredelemnul
Zin
The Shining One

Shops:
D:3 (   D:7 :


Innate Abilities, Weirdness & Mutations

Your spellcasting is much less encumbered by armour.
You can use scrolls of enchantment on lesser artefacts.


Message History

You are splashed with acid!
You are too injured to fight recklessly!
You shake off some of the fire as you move.
The liquid fire burns you!
* * * LOW HITPOINT WARNING * * *
You feel sick. The jelly attacks as it pursues you! The jelly hits you.
* * * LOW HITPOINT WARNING * * *
You are splashed with acid!
* * * LOW HITPOINT WARNING * * *
Unknown command.
Unknown command.
Okay, then.
Okay, then.
Okay, then.
Okay, then.
Aiming: Corrosive Bolt
Press: ? - help, Shift-Dir - straight line The bolt of acid hits the jelly.
The jelly completely resists.
The jelly is heavily wounded.
The liquid fire burns you!
* * * LOW HITPOINT WARNING * * *
You feel sick.
You are no longer poisoned.
The jelly hits you but does no damage.
Unknown command.
Aiming: Corrosive Bolt
Press: ? - help, Shift-Dir - straight line The bolt of acid hits the jelly.
The jelly completely resists.
The jelly is heavily wounded.
The liquid fire burns you!
* * * LOW HITPOINT WARNING * * *
The jelly hits you but does no damage.
Unknown command.
Unknown command.
Blink to where?
Press: ? - help, Dir - move target
Found a scroll of blinking, a wand of acid (12) and a pair of gloves.
As you read the scroll of blinking, it crumbles to dust.
The liquid fire burns you!
You die...

#.[.......# ._...
#.........# _ß_.#
#.........#. .._..#
#..$.....?.. .....#
#..........# #..#..##
##.......... ..<.....
#.........###†.##....
#...@......§J.##.....
#..........#####.....
#?.........# #.....
#/.........# #.....
##.........#####.....
#...................
#.........#######...
#.........# ####
........#


There were no monsters in sight!

Vanquished Creatures
  Pikel (D:5)
  4 yaks
  2 water moccasins
  An orc warrior (D:6)
  A sky beast (D:7)
  An ice beast (D:7)
  2 black bears
  Pargi (D:3)
  A centaur (D:5)
  A phantom (D:5)
  4 lemures (D:5)
  A kobold brigand (D:7)
  Blork the orc (D:5)
  3 scorpions (D:5)
  A jelly (D:5)
  3 howler monkeys
  2 bombardier beetles
  2 hounds
  3 orc priests
  3 iguanas (D:5)
  2 sleepcaps
  6 orc wizards
  10 adders
  3 gnolls (D:2)
  2 shadow imps
  3 white imps
  2 ribbon worms (D:2)
  4 dart slugs
  18 orcs
  9 ball pythons
  4 endoplasms
  7 giant cockroaches
  4 goblins
  6 hobgoblins
  9 jackals
  6 kobolds
  3 quokkas
  3 bats
  A frilled lizard (D:2)
  4 rats
144 creatures vanquished.

Vanquished Creatures (others)
  An orc (D:7)
  A kobold (D:7)
2 creatures vanquished.

Grand Total: 146 creatures vanquished

Notes
Turn   | Place    | Note
-------+----------+-------------------------------------------
     0 | D:1      | stone111 the Mountain Dwarf Fighter began the quest for the
                  | Orb.
     0 | D:1      | Reached XP level 1. HP: 19/19 MP: 1/1
    80 | D:1      | Reached skill level 3 in Axes
   209 | D:1      | Reached XP level 2. HP: 21/26 MP: 2/2
   716 | D:1      | Found a glowing silver altar of Zin.
   756 | D:2      | Reached skill level 4 in Axes
   769 | D:2      | Reached XP level 3. HP: 23/31 MP: 3/3
   899 | D:2      | Reached skill level 5 in Axes
  1125 | D:2      | Reached XP level 4. HP: 38/38 MP: 4/4
  1375 | D:2      | Reached skill level 6 in Axes
  2100 | D:3      | Found a faded altar of an unknown god.
  2408 | D:3      | Noticed Pargi
  2488 | D:4      | Reached XP level 5. HP: 44/45 MP: 5/5
  3138 | D:5      | Entered Level 5 of the Dungeon
  3162 | D:5      | Noticed Blork the orc
  3172 | D:5      | Killed Blork the orc
  3269 | D:5      | Reached XP level 6. HP: 53/53 MP: 6/6
  3286 | D:5      | Reached skill level 7 in Axes
  3447 | D:5      | Reached skill level 5 in Fighting
  3560 | D:5      | Noticed Pikel
  3578 | D:5      | Killed Pikel
  3579 | D:5      | Reached skill level 9 in Axes
  3579 | D:5      | Reached XP level 7. HP: 26/61 MP: 7/7
  3861 | D:5      | Became a worshipper of Beogh the Shepherd
  3918 | D:5      | Noticed a yak
  3958 | D:5      | Reached XP level 8. HP: 41/70 MP: 8/8
  3979 | D:5      | Reached skill level 10 in Axes
  4065 | D:5      | Reached skill level 1 in Invocations
  4568 | D:3      | Killed Pargi
  4648 | D:3      | Found Vakiuliy's Antique Weapon Emporium.
  5483 | D:7      | Reached * piety under Beogh
  5518 | D:7      | Reached XP level 9. HP: 61/79 MP: 12/12
  5773 | D:7      | Found a staircase to the Ecumenical Temple.
  5782 | D:7      | Reached skill level 11 in Axes
  5794 | Temple   | Entered the Ecumenical Temple
  5808 | D:7      | Reached skill level 5 in Invocations
  5934 | D:7      | Found Fokhluhi's Book Shoppe.
  6277 | D:6      | Reached skill level 1 in Evocations
  6463 | D:6      | Found a burning altar of Makhleb.
  6463 | D:6      | Found an iron altar of Okawaru.
  6463 | D:6      | Found a snail-covered altar of Cheibriados.
  6463 | D:6      | Found an ornate altar of the Wu Jian Council.
  6481 | D:6      | HP: 3/82 [burnt (4)]
  6482 | D:6      | Incinerated by a bombardier beetle

Illustrated notes

Levels and vault maps discovered:
D:1:      dpeg_arrival_water_altar, layout_loops_ring
D:2:      minmay_inner_zag, layout_loops_ring
D:3:      layout_basic, serial_shops, nicolae_shop_tiny_glass,
          hellmonk_ecumenical_altar_blasted, uniq_pargi
D:4:      layout_loops_ring, due_unseen_surprise
D:5:      minmay_clustersquares, layout_basic, nicolae_hexahallways,
          nzn_random_ring, uniq_pikel, uniq_blork_the_orc
D:6:      layout_rooms, chequers_temple_overflow_statue_of_worship,
          nicolae_overflow_two_pavilions, jmf_multi_god_temple2, uniq_edmund
D:7:      layout_basic, minmay_temple_entry_stoned_glass, serial_shops,
          nicolae_shop_tiny_glass
Temple:   nicolae_temple_bog_church

Skill      XL: |  1  2  3  4  5  6  7  8  9 |
---------------+----------------------------+-----
Axes           | 3 4 5 6 9 10 11 | 11.7
Fighting       | 4 5 7 8 |  8.8
Armour         | 4 |  4.0
Shields        | 4 |  4.0
Invocations    | 4 5 |  5.0
Evocations     | 3 |  3.0

Action                     |  1- 3 |  4- 6 |  7- 9 || total
---------------------------+-------+-------+-------++-------
  Melee: War axe           |    83 |   207 |   272 ||   562
  Throw: Javelin           |       |     3 |     5 ||     8
 Invoke: Convert to Beogh  |       |       |     1 ||     1
  Evoke: Wand              |       |       |     2 ||     2
    Use: Scroll            |       |     1 |     7 ||     8
         Potion            |       |     1 |       ||     1
   Stab: Distracted        |       |       |     2 ||     2
 Armour: Scale mail        |    20 |       |       ||    20
         Chain mail        |    39 |   142 |   165 ||   346
  Dodge: Dodged            |    22 |    57 |    51 ||   130
  Block: Buckler           |    41 |   110 |    97 ||   248
         Reflection        |       |     2 |     4 ||     6

Table legend: (Time is in decaauts)
 A = Elapsed time spent in this place.
 B = Non-inter-level travel time spent in this place.
 C = Inter-level travel time spent in this place.
 D = Time resting spent in this place.
 E = Time spent auto-exploring this place.
 F = Levels seen in this place.
 G = Mean time per level.
                   A        B        C        D        E       F      G
               +--------+--------+--------+--------+--------+-----+--------+
         Total |   6558 |   6174 |    384 |    433 |   4620 |   8 |  819.8 |
       Dungeon |   6556 |   6173 |    383 |    433 |   4620 |   7 |  936.6 |
        Temple |      1 |      1 |      0 |      0 |      0 |   1 |    1.0 |
               +--------+--------+--------+--------+--------+-----+--------+

Top non-repeatable levels by time:
     D:5: 1472 daAuts
     D:3: 1206 daAuts
     D:2: 1132 daAuts
     D:7: 972 daAuts
     D:1: 745 daAuts
     D:4: 744 daAuts
     D:6: 282 daAuts
  Temple: 1 daAuts
